cohdb
Replays
Latest Replays
All Replays
Popular Replays
Top Player Replays
Match Explorer
How It Works
Community
CoH3 Stats
Reddit
Sign in to upload your games and track your stats! →
Sign in with Steam
Match 40993433
Unlisted
Match 40993433
Overview
Messages
Build Orders
End
Construct Infanterie Kompanie
Kettenkrad Recon Vehicle
MG 42 Machine Gun Team
Selects Terror Battlegroup
Selects Machine Gun Camouflage
Grenadier Squad
Grenadier Squad
Medical Bunker
Construct Luftwaffe Kompanie
Support Elements
Jäger Squad
Selects No Quarter
Wirbelwind Flakpanzer
Marder III M Tank Destroyer
MG 42 Bunker
Construct Panzergrenadier Kompanie
Panzergrenadier Squad
Pak 40 Anti-tank Gun Team
Selects Contempt for the Weak
Luftwaffe Officer Quarters
Selects King Tiger Heavy Tank
King Tiger Heavy Tank
Nebelwerfer 42 Rocket Launcher Team
Selects Jericho Trumpet
Jericho Trumpet
MG 42 Bunker
Panzergrenadier Officer Quarters
Selects V1 Rocket Strike
Construct Panzer Kompanie
V1 Rocket Strike
Side Skirts
Jericho Trumpet
Medical Station
V1 Rocket Strike
derank c[o]mpany
Kev
MonoChrome
Ragnor
0
0
Comments
sign in to comment!
No comments posted yet!